 Dungeon Crawl Stone Soup version 0.27.1-33-g824d729ab1 (webtiles) character file.

Game seed: 2843093149462652553

25326 belegose the Schismatic (level 13, -17/106 HPs)
             Began as a Formicid Abyssal Knight on Dec 25, 2021.
             Was an Elder of Lugonu.
             Demolished by a spriggan rider (29 damage)
             ... on level 3 of the Lair of Beasts.
             The game lasted 00:47:59 (22682 turns).

belegose the Schismatic (Formicid Abyssal Knight)  Turns: 22682, Time: 00:48:00

Health: -17/106    AC:  9    Str: 21    XL:     13   Next: 49%
Magic:  22/22      EV: 14    Int: 13    God:    Lugonu [****..]
Gold:   1741       SH: 15    Dex: 10    Spells: 12/12 levels left

rFire    . . .     SeeInvis +   O - +2 halberd (venom)
rCold    . . .     Faith    .   N - +0 kite shield
rNeg     . . .     Spirit   .   S - +1 scale mail "Fevolip" {rElec}
rPois    +         Reflect  +   (helmet unavailable)
rElec    +         Harm     .   (no cloak)
rCorr    .         Rampage  .   (no gloves)
Will     +....                  (no boots)
Stlth    ..........             M - amulet of reflection
HPRegen  0.27/turn              i - ring of poison resistance
MPRegen  0.18/turn              x - +4 ring of evasion

@: no status effects
A: permanent stasis, dig shafts and tunnels, antennae 3, four strong arms
a: Dig, Shaft Self, Renounce Religion, Depart the Abyss, Bend Space, Banish,
Corrupt


You were on level 3 of the Lair of Beasts.
You worshipped Lugonu.
Lugonu was greatly pleased with you.
You visited 3 branches of the dungeon, and saw 14 of its levels.
You visited the Abyss 1 time.
You also visited: Bailey.

You collected 1741 gold pieces.

Inventory:

Hand Weapons
 a - a +1 trident of protection
 G - a +1 dagger of electrocution
 O - a +2 halberd of venom (weapon)
Missiles
 m - 418 stones
 r - 44 boomerangs
 w - 41 bolts
 C - 46 poisoned darts (quivered)
 F - 4 curare-tipped darts
 J - 6 javelins
Armour
 h - a +0 chain mail
 N - a +0 kite shield (worn)
 S - the +1 scale mail "Fevolip" (worn) {rElec}
   (You found it on level 3 of the Lair of Beasts)

   rElec:     It insulates you from electricity.
Jewellery
 i - a ring of poison resistance (left hand)
 j - a ring of willpower
 s - a ring of resist corrosion
 x - a +4 ring of evasion (right hand)
 H - a ring of ice
 M - an amulet of reflection (around neck)
Wands
 D - a wand of digging (5)
 I - a wand of mindburst (13)
 P - a wand of flame (6)
Scrolls
 d - a scroll of silence {unknown}
 f - 3 scrolls of amnesia {unknown}
 k - 2 scrolls of fear {unknown}
 l - a scroll of blinking {unknown}
 n - a scroll of brand weapon {unknown}
 o - a scroll of fog {unknown}
 p - a scroll of acquirement {unknown}
 q - 2 scrolls of immolation {unknown}
 v - 2 scrolls of holy word {unknown}
 y - a scroll of enchant weapon {unknown}
 z - 3 scrolls of teleportation {unknown}
 A - 2 scrolls of magic mapping {unknown}
 E - a scroll of enchant armour {unknown}
 Q - 3 scrolls of noise {unknown}
Potions
 c - 2 potions of heal wounds
 e - 5 potions of flight
 g - 3 potions of might
 t - a potion of brilliance {unknown}
 u - a potion of magic {unknown}
 B - 2 potions of mutation
 L - 3 potions of curing
 R - a potion of resistance {unknown}
Miscellaneous
 K - a tin of tremorstones (inert)


   Skills:
 - Level 11.3 Fighting
 - Level 3.3(4.0) Short Blades
 - Level 3.1(3.8) Long Blades
 + Level 7.6 Polearms
 + Level 5.7 Throwing
 - Level 9.1 Armour
 - Level 2.8 Dodging
 + Level 7.4 Shields
 + Level 12.5 Invocations
 + Level 7.7 Evocations


You had 12 spell levels left.
You didn't know any spells.
Your spell library contained the following spells:

 Spells                   Type           Power      Damage    Failure   Level
 Sting                    Tmut/Pois      0%         1d3       71%         1
 Poisonous Vapours        Pois/Air       0%         N/A       83%         2
 Sublimation of Blood     Necr           0%         N/A       83%         2
 Call Canine Familiar     Summ           0%         N/A       97%         3
 Frozen Ramparts          Ice            0%         1d2       97%         3
 Ignite Poison            Fire/Tmut/Pois 0%         N/A       97%         3
 Mephitic Cloud           Conj/Pois/Air  0%         N/A       97%         3
 Portal Projectile        Hex/Tloc       0%         N/A       97%         3
 Tukima's Dance           Hex            0%         N/A       97%         3
 Hailstorm                Conj/Ice       0%         3d3       100%        4
 Ice Form                 Ice/Tmut       0%         N/A       100%        4
 Leda's Liquefaction      Hex/Erth       0%         N/A       100%        4
 Olgreb's Toxic Radiance  Pois           0%         N/A       100%        4
 Passage of Golubria      Tloc           N/A        N/A       100%        4
 Petrify                  Tmut/Erth      0%         N/A       100%        4
 Summon Ice Beast         Ice/Summ       0%         N/A       100%        4
 Bolt of Magma            Conj/Fire/Erth 0%         4d4       100%        5
 Irradiate                Conj/Tmut      0%         3d14      100%        5
 Yara's Violent Unravell  Hex/Tmut       0%         3d3       100%        5
 Simulacrum               Ice/Necr       0%         N/A       100%        6


Dungeon Overview and Level Annotations

Branches:
Dungeon (10/15)            Temple (1/1) D:5            Lair (3/6) D:8
  Swamp (0/4) Lair:2        Snake (0/4) Lair:3          Orc (0/2) D:10
 Bailey (visited)

Altars:
Ashenzari
Cheibriados
Elyvilon
Okawaru
Sif Muna
Trog
Uskayaw
Wu Jian
The Shining One

Shops:
D:6 *

Annotations:
D:7 2 transporters
D:9 exclusion: orange crystal statue
D:10 1 runed translucent door, exclusion: door, nroviw's ghost, journeyman TrFi


Innate Abilities, Weirdness & Mutations

You cannot be hasted, slowed, berserked, paralysed or teleported.
You can dig through walls and to a lower floor.
You have a pair of large antennae on your head. (SInv)
Your four strong arms can wield two-handed weapons with a shield.


Message History

Unknown command.
Unknown command.
You start resting.
You sense a monster nearby.
You start resting.
A spriggan rider comes into view.
It is wielding a +2 spear of distortion.
Aiming: Mindburst
Press: ? - help, Shift-Dir - straight line, f - spriggan rider
Aim: a spriggan rider, wielding a +2 spear of distortion and wearing a +0 buckler (chance to affect: 26%)
Okay, then.
Okay, then.
Press: ? - help, Shift-Dir - straight line, f - spriggan rider
Aim: a spriggan rider, wielding a +2 spear of distortion and wearing a +0 buckler (chance to affect: 26%)
Okay, then.
Okay, then.
Okay, then.
You feel much better.
You miss the spriggan rider. You block the spriggan rider's attack.
You hit the spriggan rider.
The spriggan rider is poisoned.
The spriggan rider is lightly wounded.
The spriggan rider hits you with a +2 spear of distortion!
* * * LOW HITPOINT WARNING * * *
The spriggan rider hits you with a +2 spear of distortion!
* * * LOW HITPOINT WARNING * * *
Space bends around you.
* * * LOW HITPOINT WARNING * * *
You feel much better. You block the spriggan rider's attack.
Unknown command.
You barely miss the spriggan rider.
The spriggan rider is lightly wounded.
You block the spriggan rider's attack.
You miss the spriggan rider.
The spriggan rider is lightly wounded.
The spriggan rider hits you with a +2 spear of distortion!!
* * * LOW HITPOINT WARNING * * *
You hit the spriggan rider but do no damage.
The spriggan rider looks as sick as possible!
The spriggan rider is lightly wounded.
The spriggan rider hits you with a +2 spear of distortion!!
You die...

............#### ###...###†#..
............##.######.#...##..#..
..#......................####....
..........................# #....
..P.......................###...#
.........................##.....#
..........)........)......
######.###i##.###.###P#..# ##
#@##### ### ###... ### #... #...
#... ##.# ##


You could see a spriggan rider (extremely poisoned).

Vanquished Creatures
  2 two-headed ogres
  Pikel (D:9)
  An orc knight (Bailey)
  3 elephants (Lair:3)
  2 black mambas
  7 cane toads
  A kobold demonologist (D:8)
  A rime drake (Lair:2)
  2 komodo dragons
  A hornet (D:8)
  A troll (D:8)
  A polar bear (Lair:1)
  4 blink frogs (Lair:2)
  5 spriggans (Lair:3)
  45 yaks
  A basilisk (Lair:2)
  3 wyverns
  2 vampire mosquitoes (D:10)
  An acid dragon (D:8)
  14 water moccasins
  8 orc warriors
  A sky beast (D:6)
  A swamp drake (Lair:2)
  4 black bears
  2 ogres
  9 wolves
  4 centaurs
  2 lemures (D:9)
  4 kobold brigands (D:9)
  7 bullfrogs
  A water moccasin skeleton (D:5)
  4 killer bees (D:6)
  2 howler monkeys
  A bullfrog zombie (D:5)
  4 centaur zombies
  A jelly (D:4)
  4 hounds
  4 orc priests
  An iguana (Lair:2)
  9 orc wizards
  2 killer bee zombies
  10 gnolls
  A howler monkey skeleton (D:5)
  8 adders
  A white imp (D:6)
  3 worms
  3 dart slugs
  26 orcs
  2 bats
  4 endoplasms (D:2)
  5 giant cockroaches
  5 goblins
  9 hobgoblins
  2 jackals (D:5)
  5 quokkas
  3 ball pythons
  3 frilled lizards
  27 kobolds
  A quokka skeleton (D:4)
  5 rats
296 creatures vanquished.

Vanquished Creatures (others)
  2 iguanas (Lair:2)
  16 fungi
  19 plants
37 creatures vanquished.

Grand Total: 333 creatures vanquished

Notes
Turn   | Place    | Note
-------+----------+-------------------------------------------
     0 | Abyss:1  | belegose the Formicid Abyssal Knight began the quest for
                  | the Orb.
     0 | Abyss:1  | Reached XP level 1. HP: 18/18 MP: 2/2
    12 | Abyss:2  | Noticed a blizzard demon
    17 | D:1      | Escaped the Abyss
   180 | D:1      | Reached * piety under Lugonu
   181 | D:1      | Reached XP level 2. HP: 10/24 MP: 3/3
   895 | D:2      | Reached XP level 3. HP: 25/29 MP: 4/4
  1252 | D:2      | Found a glowing golden altar of the Shining One.
  2125 | D:3      | Reached skill level 3 in Invocations
  2125 | D:3      | Reached XP level 4. HP: 30/37 MP: 6/6
  2304 | D:3      | Found a hide-covered altar of Uskayaw.
  2707 | D:3      | Found a shimmering blue altar of Sif Muna.
  2708 | D:3      | Reached ** piety under Lugonu
  2726 | D:3      | Reached XP level 5. HP: 16/42 MP: 7/7
  2917 | D:3      | Found an iron altar of Okawaru.
  2926 | D:3      | Found a snail-covered altar of Cheibriados.
  3407 | D:3      | Found a faded altar of an unknown god.
  3575 | D:4      | Noticed an ogre
  3589 | D:4      | Killed an ogre
  3590 | D:4      | Reached skill level 1 in Polearms
  3590 | D:4      | Reached skill level 4 in Invocations
  3590 | D:4      | Reached XP level 6. HP: 25/49 MP: 7/9
  4275 | D:4      | Noticed a black bear
  4282 | D:4      | Killed a black bear
  4283 | D:4      | Reached XP level 7. HP: 47/55 MP: 10/10
  4559 | D:5      | Entered Level 5 of the Dungeon
  4782 | D:5      | Found a white marble altar of Elyvilon.
  4789 | D:5      | Reached skill level 5 in Fighting
  5405 | D:5      | Found a staircase to the Ecumenical Temple.
  5480 | D:5      | Reached skill level 5 in Invocations
  5593 | Temple   | Entered the Ecumenical Temple
  5832 | D:6      | Found Fosa's Assorted Antiques.
  5895 | D:6      | Reached XP level 8. HP: 56/63 MP: 11/11
  6066 | D:6      | Reached skill level 5 in Armour
  6671 | D:7      | Found a transporter.
  6676 | D:7      | Found a transporter.
  7575 | D:7      | Reached skill level 6 in Invocations
  8311 | D:8      | Noticed a yak
  8311 | D:8      | Noticed a yak
  8312 | D:8      | Noticed a yak
  8343 | D:7      | Killed a yak
  8386 | D:7      | Killed a yak
  8387 | D:7      | Reached XP level 9. HP: 44/71 MP: 12/14
  8537 | D:7      | Reached skill level 7 in Invocations
  8889 | D:8      | Found a staircase to the Lair.
  8994 | D:8      | Found an ornate altar of the Wu Jian Council.
  9055 | D:8      | Noticed a two-headed ogre
  9774 | D:9      | Noticed a hornet
  9927 | D:9      | Noticed a troll
 10301 | D:8      | Reached skill level 1 in Short Blades
 10451 | D:8      | Killed a hornet
 10515 | D:9      | Noticed a two-headed ogre
 11130 | D:9      | Reached *** piety under Lugonu
 11278 | D:8      | HP: 3/72 [two-headed ogre (18)]
 11279 | D:8      | Banished a two-headed ogre
 11280 | D:8      | Reached skill level 8 in Invocations
 11280 | D:8      | Reached XP level 10. HP: 4/80 MP: 10/16
 11599 | D:9      | Noticed an orange crystal statue
 11603 | D:9      | Noticed a kobold demonologist
 11609 | D:9      | HP: 2/80 [centaur/arrow[an orange crystal statue] (6)]
 12142 | D:8      | Noticed a soul eater
 12178 | D:8      | Killed a kobold demonologist
 12179 | D:8      | Reached skill level 9 in Invocations
 14051 | D:9      | Noticed a two-headed ogre
 14097 | D:9      | Killed a two-headed ogre
 14098 | D:9      | Reached skill level 1 in Dodging
 14098 | D:9      | Reached skill level 10 in Invocations
 14098 | D:9      | Reached skill level 1 in Evocations
 14098 | D:9      | Reached XP level 11. HP: 74/90 MP: 18/18
 14414 | D:9      | Noticed Pikel
 14466 | D:9      | Killed Pikel
 14981 | D:10     | Entered Level 10 of the Dungeon
 15033 | D:10     | Reached skill level 10 in Fighting
 15545 | D:10     | Found a staircase to the Orcish Mines.
 15604 | D:10     | Found a flagged portal.
 15623 | Bailey   | Entered a bailey
 15746 | Bailey   | Noticed an orc knight
 15806 | Bailey   | Killed an orc knight
 15807 | Bailey   | Reached skill level 1 in Shields
 15898 | Bailey   | Reached **** piety under Lugonu
 16422 | D:10     | Reached skill level 1 in Throwing
 16514 | D:10     | Reached skill level 5 in Polearms
 16626 | D:10     | Reached skill level 11 in Invocations
 16985 | D:10     | Found a runed translucent door.
 16985 | D:10     | Noticed nroviw's ghost (journeyman TrFi)
 16989 | D:10     | Identified the +6 hand axe "Kesat" {freeze, +Rage rF- Int+3
                  | Stlth+}
 17335 | D:10     | Found a broken altar of Ashenzari.
 17429 | Lair:1   | Entered Level 1 of the Lair of Beasts
 17552 | D:8      | Killed a two-headed ogre
 17553 | D:8      | Reached XP level 12. HP: 81/99 MP: 20/20
 17571 | D:8      | Reached skill level 5 in Evocations
 19113 | Lair:1   | Reached skill level 5 in Shields
 20029 | Lair:2   | Noticed a five-headed hydra
 20034 | Lair:2   | Banished a five-headed hydra
 20667 | Lair:2   | Reached XP level 13. HP: 77/106 MP: 21/21
 20828 | Lair:2   | Found a staircase to the Swamp.
 20865 | Lair:2   | Reached skill level 12 in Invocations
 21315 | Lair:2   | Noticed a six-headed hydra
 21317 | Lair:2   | Banished a six-headed hydra
 21319 | Lair:2   | Noticed a six-headed hydra
 21322 | Lair:2   | Banished a six-headed hydra
 21323 | Lair:2   | Reached skill level 5 in Throwing
 21738 | Lair:3   | Identified the +1 scale mail "Fevolip" {rElec}
 21858 | Lair:3   | Found a staircase to the Snake Pit.
 22682 | Lair:3   | Demolished by a spriggan rider

Illustrated notes

Levels and vault maps discovered:
D:1:      wander_arrival_abandoned_jail, layout_rooms, minmay_liquid_box
D:2:      layout_rooms, basic_altar, serial_rivers,
          chequers_serial_rivers_large_a, chequers_serial_rivers_large_b,
          chequers_serial_rivers_small_3, chequers_serial_rivers_micro_d,
          chequers_serial_rivers_micro_e, minmay_strange_pillars
D:3:      cheibrodos_old_hovel, layout_basic, lemuel_doored_altar,
          grunt_temple_overflow_open, dilly_ecumenical_altar_fadedgnrine
D:4:      layout_loops_ring
D:5:      layout_basic, elyvilon_altar_5, lemuel_temple_firewalk_b,
          kennysheep_cross_bottleneck
D:6:      layout_rooms, serial_shops, kennysheep_little_box
D:7:      gammafunk_steamed_eel, layout_rooms
D:8:      layout_loops_ring, mainiacjoe_overflow_six_doors_small,
          dpeg_oklobed_lair
D:9:      layout_long_grid, minivault_16, minmay_fractal_squares_diagonal_5,
          uniq_pikel
D:10:     layout_long_grid, mainiacjoe_overflow_alcove_2, orc_0_dummy,
          hellmonk_ghost_happy_afterlife, enter_bailey_7
Temple:   regret_index_temple_waves
Lair:1:   layout_gridlike, beast_lair_carwin_10, lemuel_fruit_fields,
          grunt_megastairs_2
Lair:2:   layout_roguey, minmay_swamp_entry_reptiles,
          chequers_serial_rivers_small_a
Lair:3:   kb_forest_paths, layout_chaotic_city, minivault_24

Skill      XL: |  1  2  3  4  5  6  7  8  9 10 11 12 13 |
---------------+----------------------------------------+-----
Invocations    | 3 4 5 6 8 10 11 12 | 12.5
Armour         | 3 4 6 7 9 |  9.1
Fighting       | 4 5 6 8 9 10 11 | 11.3
Long Blades    | 3 |  3.1
Polearms       | 1 2 3 4 5 6 7 |  7.6
Short Blades   | 3 |  3.3
Dodging        | 1 2 |  2.8
Evocations     | 1 4 6 7 |  7.7
Shields        | 3 6 7 |  7.4
Throwing       | 2 4 5 |  5.7

Action                   |  1- 3 |  4- 6 |  7- 9 | 10-12 | 13-15 || total
-------------------------+-------+-------+-------+-------+-------++-------
Melee: Falchion          |   108 |    71 |       |       |       ||   179
       Trident           |       |    90 |   441 |    45 |       ||   576
       Dagger            |       |       |    96 |   265 |       ||   361
       Halberd           |       |       |       |   494 |   198 ||   692
Throw: Dart              |       |       |    10 |     9 |       ||    19
Invok: Depart the Abyss  |     1 |       |       |       |       ||     1
       Bend Space        |       |       |     1 |     3 |       ||     4
       Banish            |       |       |     1 |     2 |     3 ||     6
 Abil: Dig               |       |       |     1 |     1 |     1 ||     3
Evoke: Wand              |       |       |     1 |       |     3 ||     4
       Tin of tremorston |       |       |       |       |     2 ||     2
  Use: Scroll            |     3 |     1 |     3 |     1 |     1 ||     9
       Potion            |       |     1 |     2 |     6 |     3 ||    12
 Stab: Confused          |       |       |       |       |     1 ||     1
Armor: Leather armour    |    12 |       |       |       |       ||    12
       Chain mail        |    38 |    94 |   348 |       |       ||   480
       Acid dragon scale |       |       |     9 |   209 |     7 ||   225
       Scale mail        |       |       |       |       |    32 ||    32
Dodge: Dodged            |    42 |    59 |   395 |   505 |    84 ||  1085
Block: Kite shield       |       |       |       |   410 |   157 ||   567
       Reflection        |       |       |       |    19 |       ||    19
       Other             |       |       |       |    18 |       ||    18
       Rpst.: Falchion   |    16 |     6 |       |       |       ||    22
